 Dungeon Crawl Stone Soup version 0.28.0-45-g0d030f2227 (webtiles) character file.

Game seed: 10752831417698814839

1044 firemarshallily the Skirmisher (level 8, -6/94 HPs)
             Began as a Demonspawn Fighter on Apr 24, 2022.
             Mangled by a wight
             ... wielding a +2 morningstar
              (8 damage)
             ... on level 6 of the Dungeon.
             The game lasted 00:21:06 (5160 turns).

firemarshallily the Skirmisher (Demonspawn Fighter) Turns: 5160, Time: 00:21:08

Health: -6/94      AC:  9    Str: 18    XL:     8   Next: 4%
Magic:  8/8        EV:  9    Int: 10    God:
Gold:   238        SH:  9    Dex: 13    Spells: 7/7 levels left

rFire   . . .      SeeInvis .   a - +0 war axe
rCold   . . .      Faith    .   c - +0 buckler
rNeg    . . .      Spirit   .   b - +0 scale mail
rPois   .          Reflect  .   (no helmet)
rElec   .          Harm     .   l - +0 cloak
rCorr   .          Rampage  .   t - +0 pair of gloves
Will    .....                   (no boots)
Stlth   ..........              (no amulet)
HPRegen 0.25/turn               (no ring)
MPRegen 0.11/turn               (no ring)

@: berserking, very quick
A: claws 2, hooves 1, spiny 1, condensation shield
a: no special abilities


You were on level 6 of the Dungeon.
You visited 1 branch of the dungeon, and saw 6 of its levels.

You collected 238 gold pieces.

Inventory:

Hand Weapons
 a - a +0 war axe (weapon)
Missiles
 e - 212 stones
 g - 4 curare-tipped darts
 h - 9 poisoned darts
 n - 2 javelins (quivered)
 r - 2 silver javelins
Armour
 b - a +0 scale mail (worn)
 c - a +0 buckler (worn)
 l - a +0 cloak (worn)
 t - a +0 pair of gloves (worn)
Wands
 d - a wand of flame (34)
Scrolls
 f - a scroll of identify
 j - a scroll of torment {unknown}
 k - 3 scrolls of teleportation {unknown}
 m - 2 scrolls of blinking {unknown}
 p - a scroll of amnesia {unknown}
 q - a scroll of fog {unknown}
 s - a scroll of brand weapon {unknown}
 u - a scroll of magic mapping {unknown}
 v - a scroll of fear {unknown}
Potions
 i - 2 potions of curing
 w - a potion of haste {unknown}


   Skills:
 * Level 5.5 Fighting
 * Level 4.6 Axes
 + Level 2.6 Throwing
 * Level 5.1 Armour
 + Level 3.9 Shields


You had 7 spell levels left.
You didn't know any spells.
Your spell library contained the following spells:

 Spells                   Type           Power      Damage    Failure   Level
 Beastly Appendage        Tmut           0%         N/A       82%         1
 Shock                    Conj/Air       0%         1d3       82%         1
 Wereblood                Tmut           0%         N/A       91%         2
 Spider Form              Tmut/Pois      0%         N/A       99%         3
 Swiftness                Air            0%         N/A       99%         3
 Airstrike                Air            0%         N/A       100%        4


Dungeon Overview and Level Annotations

Branches:
Dungeon (6/15)
 Temple: D:4-7

Altars:
Fedhas
Wu Jian

Shops:
D:1 (

Annotations:
D:6 Prince Ribbit


Innate Abilities, Weirdness & Mutations

You have very sharp fingernails.
You have large cloven feet.
You are partially covered in sharp spines.
A meltable shield of frost defends you. (SH +4)


Message History

You feel drained.
* * * LOW HITPOINT WARNING * * *
The wight hits you with a +2 battleaxe.
* * * LOW HITPOINT WARNING * * *
You feel drained.
* * * LOW HITPOINT WARNING * * *
Prince Ribbit blinks!
You slash the wight!
You destroy the wight!
You slash the phantom!
You destroy the phantom!
You closely miss the wight. You slash the wight!
You closely miss the white imp. The white imp is struck by your spines.
The white imp barely misses you.
Prince Ribbit blinks!
The wight is struck by your spines.
The wight hits you with a +3 short sword!
* * * LOW HITPOINT WARNING * * *
You feel drained.
* * * LOW HITPOINT WARNING * * *
You block the wight's attack.
Your Armour skill increases to level 5!
You have reached level 8!
You feel agile.
Your demonic ancestry asserts itself...
Your fingernails sharpen.
You slash the wight!
You destroy the wight!
You barely miss the wight. You hit the wight but do no damage.
You closely miss the white imp. The white imp is struck by your spines.
The white imp misses you. You block the wight's attack.
The sky beast flickers out of sight!
Deactivating autopickup; reactivate with Ctrl-A.
Your life force feels restored.
You are too berserk!
You closely miss the white imp. Your kick misses the white imp.
The white imp is almost dead.
You closely miss the wight. x2; You hit the wight.
You block the wight's attack. The white imp barely misses you.
The wight closely misses you.
Prince Ribbit catches a mouse with his tongue.
The wight hits you with a +2 morningstar!
You die...

.... .....# .....#
########.....#
#.............
#............#
#.............
########z...........#
#......@5...........#
#......zz§..........#
#......F.............
#....................
#..)...........##.#..
#..............# ....
#......§######.# #..
#.......# .. ..


You could see Prince Ribbit, 3 wights and a white imp.

Vanquished Creatures
  2 black bears (D:4)
  A sky beast (D:6)
  An ogre (D:5)
  A phantom (D:6)
  2 wights (D:6)
  A bullfrog zombie (D:5)
  A hound (D:4)
  2 jellies (D:5)
  3 bullfrog skeletons
  An orc priest (D:5)
  Crazy Yiuf (D:2)
  An iguana (D:5)
  An orc wizard (D:6)
  A scorpion zombie (D:5)
  A hound skeleton (D:4)
  A howler monkey zombie (D:5)
  A howler monkey skeleton (D:4)
  4 adders
  3 worms
  6 dart slugs
  17 orcs
  8 bats
  7 endoplasms
  4 giant cockroaches
  7 goblins
  8 hobgoblins
  3 jackals (D:4)
  8 kobolds
  5 quokkas
  4 ball pythons
  A frilled lizard (D:3)
  3 rats
110 creatures vanquished.

Notes
Turn   | Place    | Note
-------+----------+-------------------------------------------
     0 | D:1      | firemarshallily the Demonspawn Fighter began the quest for
                  | the Orb.
     0 | D:1      | Reached XP level 1. HP: 18/18 MP: 1/1
   351 | D:1      | Discovered your monstrous ancestry.
   351 | D:1      | Gained mutation: You have sharp fingernails. [demonic
                  | ancestry]
   351 | D:1      | Reached XP level 2. HP: 22/24 MP: 2/2
   701 | D:1      | Found Asutaaf's Antique Weapon Shop.
   891 | D:2      | Found a runed translucent door.
   892 | D:2      | Noticed Crazy Yiuf
   902 | D:2      | Killed Crazy Yiuf
   903 | D:2      | Reached XP level 3. HP: 7/29 MP: 3/3
  1529 | D:2      | Reached XP level 4. HP: 30/35 MP: 4/4
  2033 | D:2      | Reached skill level 1 in Throwing
  2513 | D:3      | Found a faded altar of an unknown god.
  3033 | D:4      | Found a blossoming altar of Fedhas.
  3033 | D:4      | Found an ornate altar of the Wu Jian Council.
  3091 | D:4      | Gained mutation: You have large cloven feet. [demonic
                  | ancestry]
  3091 | D:4      | Reached XP level 5. HP: 36/42 MP: 5/5
  3735 | D:4      | Noticed a black bear
  3741 | D:4      | Killed a black bear
  3742 | D:4      | Gained mutation: You are partially covered in sharp spines.
                  | [demonic ancestry]
  3742 | D:4      | Reached XP level 6. HP: 36/48 MP: 6/6
  4109 | D:5      | Entered Level 5 of the Dungeon
  4289 | D:5      | Gained mutation: A meltable shield of frost defends you.
                  | (SH +4) [demonic ancestry]
  4289 | D:5      | Reached XP level 7. HP: 52/55 MP: 7/7
  4783 | D:5      | Reached skill level 5 in Fighting
  5147 | D:6      | Noticed Prince Ribbit
  5158 | D:6      | HP: 2/76 [wight/+3 short sword (7)]
  5159 | D:6      | Reached skill level 5 in Armour
  5159 | D:6      | Gained mutation: You have very sharp fingernails. [demonic
                  | ancestry]
  5159 | D:6      | Reached XP level 8. HP: 1/62 MP: 8/8
  5160 | D:6      | Mangled by a wight

Illustrated notes

Levels and vault maps discovered:
D:1:      evilmike_arrival_crescent, layout_loops_cross, serial_shops, shop,
          minmay_misc_feat_chi
D:2:      layout_basic, uniq_crazy_yiuf_cottage
D:3:      layout_rooms, hellmonk_ecumenical_altar_inner_sanctum,
          lemuel_another_geyser
D:4:      black_bear_nest_2, layout_loops_ring, gammafunk_temple_overflow_statue
D:5:      layout_basic
D:6:      lemuel_slime, layout_basic, uniq_prince_ribbit1, uniq_edmund,
          uniq_pikel

Skill      XL: |  1  2  3  4  5  6  7 |
---------------+----------------------+-----
Axes           | 2 3 4 |  4.6
Armour         | 3 4 5 |  5.1
Throwing       | 1 2 |  2.6
Shields        | 3 |  3.9
Fighting       | 4 5 |  5.5

Action                   |  1- 3 |  4- 6 |  7- 9 || total
-------------------------+-------+-------+-------++-------
Melee: War axe           |    82 |   185 |    50 ||   317
       Kick              |       |    24 |    13 ||    37
Throw: Javelin           |       |    12 |     2 ||    14
       Stone             |       |     1 |       ||     1
Evoke: Wand              |       |       |     1 ||     1
  Use: Scroll            |     2 |       |       ||     2
       Potion            |     1 |       |     2 ||     3
Armor: Scale mail        |    45 |    94 |    22 ||   161
Dodge: Dodged            |    42 |    78 |    18 ||   138
Block: Buckler           |    16 |    44 |    23 ||    83
